 Dungeon Crawl Stone Soup version 0.20.1-1-g8b1a95d (webtiles) character file.

546467 Ladykiller69 the Slayer (level 27, -8/228 HPs)
             Began as a Formicid Fighter on Aug 11, 2017.
             Was a High Priest of Cheibriados.
             Mangled by an azure jelly (32 damage)
             ... on level 5 of the Pits of Slime.
             The game lasted 03:54:33 (52187 turns).

Ladykiller69 the Slayer (Formicid Fighter)         Turns: 52187, Time: 03:54:34

Health: -8/228     AC: 11    Str: 45 (47) XL:     27
Magic:  18/36      EV: 20    Int: 23      God:    Cheibriados [*****.]
Gold:   2618       SH: 28    Dex: 27 (28) Spells: 16/29 levels left

rFire    . . .     SeeInvis +   a - +0 battleaxe (elec)
rCold    . . .     Gourm    .   c - +2 large shield
rNeg     + + +     Faith    .   Z - +6 plate armour of Pride {rCorr Slay+2}
rPois    +         Spirit   .   (helmet unavailable)
rElec    +         Reflect  .   D - +2 cloak {rPois}
rCorr    +         Harm     .   k - +2 pair of gloves {archery}
MR       ++...                  q - +2 pair of boots {Fly}
Stlth    ..........             J - amulet of Catysh {rPois Regen+ Dex+2}
Regen    0.9/turn               o - ring "Maosha" {*Drain rN++ Dex+2}
MPRegen  0.3/turn               U - ring "Gesept" {rElec rN+}

@: corroded, flying, very slow
A: permanent stasis, dig shafts and tunnels, four strong arms, antennae 3,
deformed body, deterioration 1, subdued magic 1
}: 2/15 runes: decaying, gossamer
a: Dig, Shaft Self, Bend Time, Temporal Distortion, Slouch, Step From Time,
Renounce Religion, Stop Flying


You were on level 5 of the Pits of Slime.
You worshipped Cheibriados.
Cheibriados was extremely pleased with you.
You were hungry.

You visited 10 branches of the dungeon, and saw 51 of its levels.
You visited the Abyss 1 time.
You visited 1 bazaar.
You also visited: Labyrinth.

You collected 5486 gold pieces.
You spent 2868 gold pieces at shops.

Inventory:

Hand Weapons
 a - a +0 battleaxe of electrocution (weapon)
 w - a +9 triple crossbow of velocity
Missiles
 A - 1558 bolts
Armour
 c - a +2 large shield (worn)
 e - +9 gold dragon scales
 k - a +2 pair of gloves of archery (worn)
 q - a +2 pair of boots of flying (worn)
 D - a +2 cloak of poison resistance (worn)
 Z - the +6 plate armour of Pride (worn) {rCorr Slay+2}
   (You found it on level 2 of the Spider Nest)

   It affects your accuracy and damage with ranged weapons and melee attacks
   (+2).
   It protects you from acid and corrosion.
Magical Staves
 N - an uncursed staff of wizardry
Jewellery
 o - the ring "Maosha" (left hand) {*Drain rN++ Dex+2}
   (You found it on level 6 of the Lair of Beasts)

   [ring of dexterity]

   It affects your dexterity (+2).
   It greatly protects you from negative energy.
   It causes draining when unequipped.
 H - a +6 ring of evasion
 I - the ring of Ryod {MR+++ Str+3 Int-2 Slay+3}
   (You found it on level 4 of the Depths)

   [ring of slaying]

   It affects your strength (+3).
   It affects your intelligence (-2).
   It affects your accuracy and damage with ranged weapons and melee attacks
   (+3).
   It affects your resistance to hostile enchantments.
 J - the amulet of Catysh (around neck) {rPois Regen+ Dex+2}
   (You took it off a vampire mage on level 3 of the Crypt)

   [amulet of regeneration]

   It affects your dexterity (+2).
   It protects you from poison.
   It increases your rate of regeneration.
 U - the ring "Gesept" (right hand) {rElec rN+}
   (You took it off a vampire mage on level 3 of the Crypt)

   [ring of positive energy]

   It insulates you from electricity.
   It protects you from negative energy.
Wands
 j - a wand of iceblast (9/15)
 v - a wand of acid (7/15)
 S - a wand of scattershot (6/9)
 W - a wand of digging (11/24) (quivered)
Scrolls
 i - 19 scrolls of remove curse
 l - a scroll of silence
 m - 8 scrolls of fog
 p - 2 scrolls of identify
 y - 8 scrolls of amnesia
 B - 7 scrolls of fear
 E - 6 scrolls of magic mapping
 F - a scroll of enchant armour
 L - 6 scrolls of recharging
Potions
 d - 4 potions of heal wounds
 g - 9 potions of flight
 s - 5 potions of lignification
 t - a potion of mutation
 x - 15 potions of curing
 G - 4 potions of brilliance
 K - a potion of magic
 M - 5 potions of ambrosia
 O - 5 potions of cancellation
 Q - 6 potions of resistance
 R - 4 potions of might
 V - 4 potions of agility
 X - 2 potions of invisibility
Miscellaneous
 b - a fan of gales
 h - a phial of floods
 n - a lamp of fire
 r - a box of beasts
 u - a sack of spiders
 C - a lightning rod (4/4)
Comestibles
 f - 12 bread rations
 z - 12 royal jellies
 P - 24 meat rations
 Y - 44 fruits


   Skills:
 + Level 21.1 Fighting
 - Level 20.3 Axes
 * Level 20.4 Crossbows
 - Level 13.3 Armour
 - Level 11.3 Dodging
 - Level 15.1 Shields
 + Level 1.7 Spellcasting
 + Level 2.9 Hexes
 + Level 2.2 Charms
 + Level 2.0 Summonings
 + Level 2.0 Necromancy
 + Level 2.0 Translocations
 - Level 13.1 Invocations
 - Level 19.5 Evocations


You had 16 spell levels left.
You knew the following spells:

 Your Spells              Type           Power        Failure   Level  Hunger
a - Summon Butterflies    Summ           #.......     17%         1    #......
b - Apportation           Tloc           #.....       17%         1    #......
c - Lesser Beckoning      Tloc           #.........   47%         3    ###....
d - Shroud of Golubria    Chrm/Tloc      #.........   24%         2    ###....
e - Spectral Weapon       Hex/Chrm       ##......     38%         3    ###....
f - Regeneration          Chrm/Necr      #.........   45%         3    ###....


Dungeon Overview and Level Annotations

Branches:
Dungeon (15/15)            Temple (0/1) D:6            Lair (6/6) D:11
  Swamp (4/4) Lair:3       Spider (4/4) Lair:4        Slime (5/5) Lair:6
    Orc (2/2) D:11            Elf (3/3) Orc:2        Vaults (4/5) D:14
  Crypt (3/3) Vaults:2       Tomb (0/3) Crypt:3      Depths (5/5) D:15
    Zot (0/5) Depths:5

Altars:
Cheibriados
Dithmenos
Elyvilon
Gozag
Hepliaklqana
Makhleb
Nemelex Xobeh
Okawaru
Qazlal
Ru
Sif Muna
Vehumet
Xom
Beogh
Jiyva
Lugonu

Shops:
Orc:1 !   Orc:2 }=?}   Elf:2 ((*?(   Vaults:1 [   Vaults:2 (   Depths:1 =

Portals:
Hell: Lair:6 Depths:1 Depths:2 Depths:3 Depths:4 Depths:5
Abyss: Depths:1 Depths:2 Depths:3 Depths:4
Pandemonium: Depths:3 Depths:5
Ziggurat: Depths:5
Trove: D:10 (give 16 potions of curing)

Annotations:
Lair:3 exclusion: 2 oklob plants
Lair:4 exclusions: lindwurm and 7 more exclusions
Slime:5 Royal Jelly
Crypt:3 exclusion: 3 doors


Innate Abilities, Weirdness & Mutations

You cannot be hasted, slowed, berserked, paralysed or teleported.
You can dig through walls and to a lower floor.
Your four strong arms can wield two-handed weapons with a shield.
You have a pair of large antennae on your head. (SInv)
Armour fits poorly on your strangely shaped body.
Your body sometimes deteriorates upon taking damage.
Your spells are a little easier to cast, but a little less powerful.


Message History

Cheibriados appreciates the change of pace.
You closely miss the azure jelly. The acid blob spits acid at you.
The splash of acid hits you! You resist.
* * * LOW HITPOINT WARNING * * *
The acid corrodes you!
You are splashed with acid!
The acid burns!
You resist.
* * * LOW HITPOINT WARNING * * *
You chop the azure jelly into pieces!!!
The azure jelly is severely wounded.
You block the azure jelly's attack. The azure jelly closely misses you.
You block the azure jelly's attack.
The azure jelly hits you but does no damage.
Unknown command.
You barely miss the azure jelly.
The azure jelly is severely wounded.
Two slime creatures merge to form a large slime creature.
You block the azure jelly's attack. The azure jelly hits you.
* * * LOW HITPOINT WARNING * * *
The azure jelly freezes you!!
You die...

##..............(..
##...............
#...............
##..............
##..............
#...............
##...............
#........J.....J.
##.......@..(....
##...........(...
#.........(((....
###........(J(...
#.........JJ...
#...........J..
##.............
#...........J.
##...........


You could see the Royal Jelly, 2 acid blobs, an azure jelly, a large slime
creature, a slime creature and a death ooze.

Vanquished Creatures
  A greater mummy (Depths:4)
  Frederick (Depths:5)
  Margery (Depths:5)
  A curse toe (Crypt:3)
  the Lernaean hydra (Swamp:4)
  4 golden dragons
  Arachne (Spider:4)
  A tentacled monstrosity (Depths:5)
  4 liches
  Asterion (Spider:3)
  Rupert (D:14)
  A quicksilver dragon (Depths:5)
  The ghost of nightbobicus the Severer, an adept MiFi of Okawaru (Swamp:4)
  3 sphinxes
  11 acid blobs
  Agnes (D:14)
  6 ancient champions
  Kirke (D:15)
  Roxanne (Elf:1)
  Frances (D:13)
  3 shadow dragons (Depths:5)
  3 tengu reavers (Depths:5)
  3 storm dragons (Depths:5)
  6 azure jellies
  A revenant (Crypt:3)
  An iron dragon (Depths:3)
  10 fire giants
  12 frost giants
  An orc warlord (Vaults:4)
  A deep elf sorcerer (Vaults:2)
  3 ghost moths
  10 emperor scorpions
  A balrug (Depths:2)
  13 vault wardens
  Louise (D:15)
  2 curse skulls (Crypt:3)
  2 reapers
  Aizul (Swamp:2)
  10 ironheart preservers
  7 ghouls
  4 spriggan defenders (Depths:5)
  A deep elf elementalist (Elf:1)
  The ghost of vomix the Executioner, a journeyman MiBe of Trog (Orc:2)
  A draconian annihilator (Depths:5)
  A juggernaut skeleton (Depths:2)
  13 stone giants
  6 entropy weavers
  15 very ugly things
  Nessos (Lair:6)
  8 vampire knights
  A yellow draconian (Depths:5)
  2 black draconians (Depths:5)
  A dire elephant (Lair:6)
  2 red draconians (Depths:5)
  A purple draconian (Depths:5)
  2 deep elf annihilators
  A white draconian (Depths:5)
  3 deep elf demonologists
  4 spark wasps
  9 ettins
  5 jiangshi
  A crystal guardian (Vaults:4)
  A mummy priest (Crypt:3)
  A green death (Crypt:3)
  3 deep elf death magi
  A blizzard demon (Depths:3)
  5 eidola
  A minotaur (Lab)
  19 fire dragons
  9 yaktaur captains
  The ghost of graki42 the Eclecticist, a journeyman DEFE of Vehumet (Lair:5)
  13 great orbs of eyes
  2 death oozes (Slime:5)
  28 hydras
  A deep elf high priest (Depths:5)
  15 vault guards
  A spriggan air mage (Depths:1)
  2 quicksilver dragon skeletons (Crypt:2)
  8 rakshasas
  A ghost crab (Swamp:4)
  16 ice dragons
  12 centaur warriors
  14 ogre magi
  54 two-headed ogres
  27 dancing weapons
  5 death yaks (Lair:3)
  14 alligators
  19 deep troll shamans
  5 death knights
  17 deep troll earth magi
  10 tengu warriors
  14 vampire magi
  A large abomination (Crypt:3)
  6 spriggan berserkers
  Sonja (D:12)
  4 orc high priests (Orc:2)
  2 titan zombies
  3 soul eaters
  4 hell knights
  2 sun demons (Depths:2)
  A storm dragon zombie (Depths:4)
  23 deep elf knights
  The ghost of Bearstalker the Cleaver, a novice MiGl of Qazlal (D:6)
  24 skeletal warriors
  A sixfirhy (Lair:6)
  5 iron trolls
  A golden dragon zombie (Crypt:2)
  A salamander mystic (Depths:4)
  5 shadow wraiths
  8 glowing orange brains
  An anaconda zombie (Crypt:1)
  An orange crystal statue (Vaults:4)
  11 swamp dragons
  A spark wasp zombie (Depths:2)
  2 spriggan druids (Swamp:4)
  2 deep trolls (shapeshifter)
  16 unseen horrors
  8 flayed ghosts
  31 deep trolls
  A shadow dragon zombie (Depths:4)
  6 wizards
  4 phantasmal warriors
  11 orc knights
  16 ironbrand convokers
  2 tengu zombies (Depths:4)
  14 harpies
  2 shambling mangroves (Swamp:2)
  15 deep elf archers
  A stone giant zombie (Depths:2)
  18 orb spiders
  A frost giant zombie (Depths:4)
  6 necromancers
  43 wolf spiders
  28 ugly things
  62 deep elf magi
  2 manticores
  3 iron dragon zombies (Depths:4)
  3 shining eyes
  3 salamanders (Depths:4)
  A tengu skeleton (Depths:2)
  A moth of wrath (Spider:3)
  2 stone giant skeletons (Crypt:1)
  9 cyclopes
  10 orc sorcerers
  6 elephants
  An elephant (shapeshifter) (Depths:1)
  A spriggan zombie (Depths:4)
  2 centaur zombies
  A guardian serpent (shapeshifter) (Depths:3)
  2 black mambas
  A black mamba (shapeshifter) (Depths:2)
  A smoke demon (Depths:3)
  12 vault sentinels
  3 eyes of devastation
  2 torpor snails
  4 gargoyles
  A spiny frog (shapeshifter) (Depths:2)
  2 orange demons (Lair:6)
  6 rime drakes
  25 spiny frogs
  A dire elephant skeleton (Crypt:3)
  An emperor scorpion zombie (Crypt:2)
  11 freezing wraiths
  A redback zombie (D:13)
  2 ice devils (Lair:6)
  4 kobold demonologists
  8 komodo dragons
  2 hellwings
  A komodo dragon (shapeshifter) (Depths:2)
  66 yaktaurs
  9 guardian mummies
  7 trolls
  13 demonic crawlers
  A yellow draconian skeleton (Crypt:2)
  2 red devils (Lair:6)
  2 tengu conjurers
  6 tyrant leeches
  A queen bee (shapeshifter) (Depths:1)
  A hydra zombie (Crypt:1)
  47 jumping spiders
  28 hornets
  A polar bear (Lair:4)
  Grinder (D:3)
  4 dream sheep (Lair:4)
  12 blink frogs
  7 bog bodies
  126 slime creatures
  A meliai zombie (Crypt:2)
  An ice dragon zombie (Crypt:2)
  89 redbacks
  12 spriggans
  An ettin skeleton (Crypt:3)
  7 hippogriffs
  6 shadows
  2 guardian serpent skeletons
  38 yaks
  An orc simulacrum (Vaults:3)
  3 air elementals (Depths:1)
  11 wraiths
  5 vampires
  19 tarantellas
  An elf zombie (Depths:4)
  3 fire elementals
  6 water elementals
  2 hungry ghosts (D:13)
  5 hogs (D:15)
  2 wyverns
  6 basilisks
  18 humans
  3 golden eyes
  A tyrant leech zombie (Crypt:2)
  Grum (D:8)
  A chaos spawn (Crypt:3)
  11 insubstantial wisps
  19 vampire mosquitoes
  12 wargs
  34 swamp worms
  A faun zombie (Crypt:1)
  4 hell hounds (Lair:6)
  An acid dragon (D:15)
  A swamp worm (shapeshifter) (Elf:2)
  18 water moccasins
  A floating eye (shapeshifter) (Depths:5)
  A small abomination (Crypt:3)
  A floating eye (Depths:3)
  7 porcupines
  22 swamp drakes
  An infernal demonspawn skeleton (Crypt:3)
  6 sky beasts
  41 orc warriors
  3 ice beasts
  2 black bears
  A manticore zombie (Crypt:2)
  10 necrophages
  3 phantoms
  A dream sheep zombie (Crypt:3)
  14 wolves
  3 eyes of draining
  20 boggarts
  7 centaurs
  A hog zombie (Crypt:1)
  36 ogres
  12 crocodiles
  An elephant skeleton (Crypt:1)
  3 big kobolds
  2 salamander zombies
  15 bullfrogs
  3 earth elementals
  6 scorpions
  A troll zombie (Crypt:1)
  5 killer bees
  3 spriggan skeletons (Lab)
  12 wights
  4 vampire bats (Lair:6)
  2 electric eels (Lair:3)
  6 howler monkeys
  5 crimson imps
  3 bullfrog zombies
  A bullfrog skeleton (D:12)
  9 hounds
  A human simulacrum (Vaults:1)
  6 jellies
  25 orc priests
  4 centaur skeletons
  3 iguanas
  Ijyb (D:3)
  5 hell rats
  Natasha (thrice) (D:2)
  24 orc wizards
  14 worker ants
  A porcupine skeleton (Crypt:2)
  A naga zombie (Crypt:3)
  A dwarf zombie (Crypt:1)
  A crocodile skeleton (Crypt:2)
  A hound zombie (D:5)
  9 mummies (Depths:4)
  3 gnolls (D:6)
  11 adders
  A river rat (Lair:4)
  5 shadow imps
  8 oozes
  An adder skeleton (D:4)
  A lava snake skeleton (Crypt:2)
  6 worms
  A barachi zombie (Crypt:1)
  A dart slug (D:3)
  3 leopard geckos
  121 orcs
  10 giant cockroaches
  9 hobgoblins
  14 jackals
  12 kobolds
  9 quokkas
  A ball python (D:6)
  11 bats
  A dart slug zombie (Crypt:1)
  8 frilled lizards
  11 goblins
  A jackal skeleton (Crypt:2)
  2 jackal zombies
  A quokka skeleton (Crypt:3)
  5 rats
  2 bushes (Bazaar)
  7 fungi
  4 plants
2391 creatures vanquished.

Vanquished Creatures (others)
  A ghost moth (Spider:4)
  An ironheart preserver (Vaults:1)
  An alligator (Swamp:4)
  A deep elf mage (Elf:1)
  A spiny frog (Swamp:4)
  A redback (Spider:2)
  An orc wizard (D:15)
  A worm (Swamp:2)
  5 bushes (D:14)
  25 fungi
  15 plants
53 creatures vanquished.

Grand Total: 2444 creatures vanquished

Notes
Turn   | Place    | Note
-------+----------+-------------------------------------------
     0 | D:1      | Ladykiller69 the Formicid Fighter began the quest for the Orb.
     0 | D:1      | Reached XP level 1. HP: 18/18 MP: 1/1
    51 | D:1      | Reached XP level 2. HP: 24/24 MP: 2/2
   425 | D:1      | Reached XP level 3. HP: 29/29 MP: 3/3
   654 | D:2      | Noticed Natasha
   665 | D:2      | Killed Natasha
   665 | D:2      | Reached XP level 4. HP: 13/37 MP: 4/4
   674 | D:2      | Found a radiant altar of Vehumet.
   674 | D:2      | Noticed Natasha
   676 | D:2      | Killed Natasha
   676 | D:2      | Reached skill level 1 in Dodging
   816 | D:2      | Noticed Natasha
   825 | D:2      | Killed Natasha
   825 | D:2      | Reached XP level 5. HP: 36/42 MP: 5/5
  1123 | D:2      | Found a snail-covered altar of Cheibriados.
  1123 | D:2      | Found a shimmering altar of Xom.
  1156 | D:2      | Became a worshipper of Cheibriados the Contemplative
  1309 | D:2      | Reached skill level 4 in Fighting
  1446 | D:3      | Noticed Ijyb
  1468 | D:3      | Killed Ijyb
  1468 | D:3      | Reached skill level 5 in Shields
  1468 | D:3      | Reached XP level 6. HP: 21/48 MP: 6/6
  2128 | D:3      | Reached * piety under Cheibriados
  2235 | D:3      | Noticed Grinder
  2255 | D:3      | Killed Grinder
  2255 | D:3      | Reached XP level 7. HP: 27/54 MP: 7/7
  3148 | D:4      | Reached XP level 8. HP: 61/61 MP: 8/8
  3284 | D:4      | Found a stormy altar of Qazlal.
  3287 | D:4      | Noticed an air elemental
  3287 | D:4      | Noticed a water elemental
  3287 | D:4      | Noticed a fire elemental
  3329 | D:4      | Reached ** piety under Cheibriados
  3509 | D:5      | Entered Level 5 of the Dungeon
  3540 | D:5      | Reached skill level 5 in Armour
  3604 | D:5      | Reached skill level 5 in Axes
  3958 | D:5      | Reached skill level 5 in Fighting
  4159 | D:6      | Found a staircase to the Ecumenical Temple.
  4205 | D:6      | Noticed Bearstalker's ghost (novice MiGl)
  4228 | D:6      | HP: 2/62 [Bearstalker's ghost (7)]
  4231 | D:6      | Killed Bearstalker's ghost
  4231 | D:6      | Reached XP level 9. HP: 10/69 MP: 9/9
  4595 | D:6      | Reached *** piety under Cheibriados
  4897 | D:7      | Reached skill level 6 in Fighting
  5496 | D:7      | Noticed a hippogriff
  5506 | D:7      | Killed a hippogriff
  5506 | D:7      | Reached skill level 1 in Invocations
  5506 | D:7      | Reached XP level 10. HP: 43/77 MP: 9/11
  5605 | D:8      | Reached **** piety under Cheibriados
  5902 | D:8      | Noticed a two-headed ogre
  5911 | D:8      | Killed a two-headed ogre
  5911 | D:8      | Reached skill level 5 in Dodging
  6143 | D:8      | Noticed Grum
  6157 | D:8      | Killed Grum
  6157 | D:8      | Reached skill level 7 in Fighting
  6161 | D:8      | Reached ***** piety under Cheibriados
  6211 | D:8      | Noticed a two-headed ogre
  6224 | D:8      | Killed a two-headed ogre
  6224 | D:8      | Reached skill level 5 in Invocations
  6292 | D:8      | Reached XP level 11. HP: 63/84 MP: 15/15
  6442 | D:8      | Found an opulent altar of Gozag.
  6443 | D:8      | Found a sparkling altar of Nemelex Xobeh.
  6668 | D:9      | Found an iron altar of Okawaru.
  7046 | D:9      | Found a sacrificial altar of Ru.
  7046 | D:9      | Found a white marble altar of Elyvilon.
  7046 | D:9      | Found a deep blue altar of Sif Muna.
  7260 | D:9      | You fall through a shaft!
  7260 | D:10     | Entered Level 10 of the Dungeon
  7934 | D:10     | Noticed a vault guard
  7942 | D:10     | Killed a vault guard
  7942 | D:10     | Reached skill level 8 in Fighting
  7947 | D:10     | Found a portal to a secret trove of treasure.
  8057 | D:10     | Reached ****** piety under Cheibriados
  8233 | D:10     | Noticed a two-headed ogre
  8244 | D:10     | Killed a two-headed ogre
  8341 | D:11     | Reached XP level 12. HP: 92/92 MP: 18/18
  8441 | D:11     | Found a staircase to the Lair.
  8486 | D:11     | Noticed an unseen horror
  8494 | D:11     | Killed an unseen horror
  8568 | D:11     | Reached skill level 10 in Axes
  8661 | D:11     | Found a roughly hewn altar of Beogh.
  8661 | D:11     | Found a staircase to the Orcish Mines.
  9421 | D:12     | Noticed Sonja
  9440 | D:12     | Killed Sonja
 10073 | D:13     | Found a shadowy altar of Dithmenos.
 10154 | D:13     | HP: 2/94 [freezing wraith[a death knight] (23)]
 10525 | D:13     | Noticed a death knight
 10525 | D:13     | Noticed a skeletal warrior
 10539 | D:13     | Killed a death knight
 10539 | D:13     | Reached skill level 10 in Invocations
 10551 | D:13     | Killed a skeletal warrior
 10551 | D:13     | Reached skill level 9 in Fighting
 10745 | D:13     | Reached XP level 13. HP: 101/101 MP: 20/20
 11065 | D:13     | Noticed Frances
 11080 | D:13     | Killed Frances
 11371 | D:14     | Noticed Agnes
 11731 | D:14     | Got a faintly glowing bronze ring
 12245 | D:14     | Noticed a centaur warrior
 12255 | D:14     | Reached skill level 10 in Armour
 12267 | D:14     | Killed a centaur warrior
 12633 | D:14     | Noticed a centaur warrior
 12653 | D:14     | Killed a centaur warrior
 12661 | D:14     | Noticed Rupert
 12678 | D:14     | Killed Rupert
 12678 | D:14     | Reached skill level 10 in Fighting
 12678 | D:14     | Reached XP level 14. HP: 87/110 MP: 21/23
 12749 | D:14     | Identified the ring "Buape" {+Inv Int+5 Stlth-} (You found it on level 14 of the Dungeon)
 12761 | D:14     | Found a gate to the Vaults.
 12859 | Lair:1   | Entered Level 1 of the Lair of Beasts
 15575 | Lair:3   | Found a staircase to the Swamp.
 15976 | Lair:4   | Found a hole to the Spider Nest.
 16186 | Lair:4   | Reached skill level 1 in Evocations
 16656 | Lair:4   | Reached skill level 11 in Fighting
 16657 | Lair:4   | Reached XP level 15. HP: 100/118 MP: 24/24
 16797 | Lair:5   | Noticed graki42's ghost (journeyman DEFE)
 16805 | Lair:5   | Killed graki42's ghost
 17326 | Lair:6   | Entered Level 6 of the Lair of Beasts
 17412 | Lair:6   | Noticed Nessos
 17432 | Lair:6   | Killed Nessos
 17631 | Lair:6   | Found a viscous altar of Jiyva.
 17632 | Lair:6   | Found a staircase to the Slime Pits.
 17879 | Lair:6   | Found a burning altar of Makhleb.
 17944 | Lair:6   | Found a gateway to Hell.
 17955 | Lair:6   | Got a fine jade ring
 17957 | Lair:6   | Identified the ring "Maosha" {*Drain rN++ Dex+2} (You found it on level 6 of the Lair of Beasts)
 18917 | Orc:1    | Entered Level 1 of the Orcish Mines
 18917 | Orc:1    | Found Ryxul's Distillery.
 18976 | Orc:2    | Entered Level 2 of the Orcish Mines
 19017 | Orc:2    | Found a labyrinth entrance.
 19026 | Lab      | Entered a labyrinth
 19279 | Lab      | Reached skill level 5 in Evocations
 19327 | Lab      | Reached XP level 16. HP: 109/127 MP: 25/25
 19333 | Lab      | Identified Eppi's Collected Works on Warped Attacks
 19499 | Orc:2    | Found a staircase to the Elven Halls.
 19717 | Orc:2    | Noticed vomix's ghost (journeyman MiBe)
 19726 | Orc:2    | Reached skill level 10 in Dodging
 19746 | Orc:2    | Reached skill level 12 in Fighting
 19784 | Orc:2    | HP: 5/127 [orc priest/divine providence (13)]
 19797 | Orc:2    | Found Uzavuim's Gadget Shoppe.
 19797 | Orc:2    | Found Qiep's Gadget Shoppe.
 20169 | Orc:2    | Found Geoptiurch's Jewellery Shop.
 20174 | Orc:2    | Found Askigred's Magic Scroll Shop.
 20402 | Orc:2    | Killed vomix's ghost
 21455 | D:14     | Killed Agnes
 21568 | D:14     | Reached skill level 15 in Axes
 21738 | D:15     | Entered Level 15 of the Dungeon
 21797 | D:15     | Found a large runed door.
 21817 | D:15     | Found a large runed door.
 21987 | D:15     | Noticed a sphinx
 21987 | D:15     | Noticed Kirke
 21991 | D:15     | Killed a sphinx
 22000 | D:15     | Killed Kirke
 22006 | D:15     | Found a radiant altar of Vehumet.
 22009 | D:15     | Found a hazy altar of Hepliaklqana.
 22077 | D:15     | Noticed Louise
 22080 | D:15     | Cast into level 3 of the Abyss (Louise)
 22101 | D:15     | Escaped the Abyss
 22120 | D:15     | Killed Louise
 22486 | D:15     | Found an opulent altar of Gozag.
 22628 | D:15     | Found a staircase to the Depths.
 22850 | Swamp:1  | Entered Level 1 of the Swamp
 22932 | Swamp:1  | Got a fine scale mail
 22938 | Swamp:1  | Identified the +6 scale mail "Nemp" {*Contam Regen+ Str+2 Dex+5} (You found it on level 1 of the Swamp)
 23004 | Swamp:1  | Reached XP level 17. HP: 127/135 MP: 26/26
 23702 | Swamp:2  | Identified the Tome of Fire and Malediction
 23871 | Swamp:2  | Reached skill level 10 in Shields
 24003 | Swamp:2  | Noticed Aizul
 24024 | Swamp:2  | Killed Aizul
 24849 | Swamp:3  | Reached skill level 13 in Fighting
 25239 | Swamp:4  | Entered Level 4 of the Swamp
 25263 | Swamp:4  | Noticed nightbobicus's ghost (adept MiFi)
 25306 | Swamp:4  | Killed nightbobicus's ghost
 25665 | Swamp:4  | Reached XP level 18. HP: 131/143 MP: 27/27
 25875 | Swamp:4  | Noticed the 27-headed Lernaean hydra
 26224 | Spider:1 | Entered Level 1 of the Spider Nest
 27670 | Spider:2 | Got a smoking plate armour
 27681 | Spider:2 | Identified the +6 plate armour of Pride {rCorr Slay+2} (You found it on level 2 of the Spider Nest)
 28330 | Spider:3 | Reached XP level 19. HP: 151/151 MP: 28/28
 28548 | Spider:4 | Entered Level 4 of the Spider Nest
 28553 | Spider:4 | Reached skill level 10 in Evocations
 28604 | Spider:4 | Noticed Asterion
 28610 | Spider:4 | Noticed Arachne
 28616 | Spider:3 | Reached skill level 14 in Fighting
 28902 | Spider:3 | Killed Asterion
 29421 | Spider:4 | Killed Arachne
 29891 | Spider:4 | Got a gossamer rune of Zot
 30385 | Vaults:1 | Entered Level 1 of the Vaults
 30394 | Vaults:1 | Reached XP level 20. HP: 154/160 MP: 29/29
 30448 | Vaults:1 | Reached skill level 15 in Shields
 30784 | Vaults:1 | Reached skill level 1 in Crossbows
 31112 | Vaults:1 | Reached skill level 15 in Fighting
 31177 | Vaults:1 | Found Uruth's Antique Armour Emporium.
 31305 | Vaults:1 | Noticed an Ice Fiend
 31306 | Vaults:1 | Noticed an Ice Fiend
 31708 | Vaults:2 | Found a staircase to the Crypt.
 31899 | Vaults:2 | Found Sules's Weapon Shoppe.
 31910 | Vaults:2 | Noticed a Tzitzimitl
 31971 | Vaults:2 | Reached XP level 21. HP: 55/169 MP: 30/30
 32688 | Vaults:2 | Reached skill level 5 in Crossbows
 33180 | Vaults:3 | Reached skill level 16 in Fighting
 33688 | Vaults:3 | Reached XP level 22. HP: 61/178 MP: 31/31
 35922 | Depths:1 | Entered Level 1 of the Depths
 35939 | Depths:1 | Found Jaud's Jewellery Shop.
 35983 | Depths:1 | Reached skill level 10 in Crossbows
 35986 | Depths:1 | Reached skill level 17 in Fighting
 36047 | Depths:1 | Reached XP level 23. HP: 187/187 MP: 33/33
 36092 | Depths:1 | Identified the Guide on the Entourage
 36132 | Depths:1 | Identified a scroll of acquirement
 36289 | Depths:1 | Found a corrupted altar of Lugonu.
 36293 | Depths:1 | Found a one-way gate to the infinite horrors of the Abyss.
 36808 | Swamp:4  | Got a decaying rune of Zot
 37156 | Swamp:4  | Killed the 20-headed Lernaean hydra
 37801 | Depths:1 | Reached skill level 15 in Evocations
 38714 | Depths:2 | Got a twisted chain mail
 38725 | Depths:2 | Identified the +4 chain mail "Biuggin" {*Corrode MR- Str+8 Stlth+} (You found it on level 2 of the Depths)
 39355 | Depths:3 | Found a one-way gate leading to the halls of Pandemonium.
 39437 | Depths:3 | Reached XP level 24. HP: 184/197 MP: 34/34
 39516 | Depths:3 | Reached skill level 18 in Fighting
 39518 | Depths:3 | Noticed a golden dragon
 39535 | Depths:3 | Killed a golden dragon
 40642 | Depths:4 | Noticed a golden dragon
 40645 | Depths:4 | Killed a golden dragon
 41268 | Depths:4 | Noticed a greater mummy
 41284 | Depths:4 | Killed a greater mummy
 41284 | Depths:4 | Reached skill level 15 in Crossbows
 41439 | Depths:4 | Got a warped golden ring
 41441 | Depths:4 | Identified the ring of Ryod {MR+++ Str+3 Int-2 Slay+3} (You found it on level 4 of the Depths)
 41455 | Depths:4 | Reached XP level 25. HP: 206/206 MP: 35/35
 41732 | Depths:5 | Entered Level 5 of the Depths
 41806 | Depths:5 | Noticed Margery
 41829 | Depths:5 | Killed Margery
 42120 | Depths:5 | Noticed Frederick
 42129 | Depths:5 | Killed Frederick
 42129 | Depths:5 | Reached skill level 19 in Fighting
 42249 | Depths:5 | HP: 7/208 [white draconian/chilling blast (27)]
 42826 | Depths:5 | Found a gate to the Realm of Zot.
 43004 | Depths:5 | Reached XP level 26. HP: 216/216 MP: 35/35
 43049 | Depths:5 | Found a gateway to a ziggurat.
 43755 | Elf:1    | Entered Level 1 of the Elven Halls
 44255 | Elf:1    | Noticed Roxanne
 44264 | Elf:1    | Killed Roxanne
 44459 | Elf:1    | Learned a level 1 spell: Summon Butterflies
 44461 | Elf:1    | Learned a level 1 spell: Apportation
 44465 | Elf:1    | Learned a level 3 spell: Lesser Beckoning
 44721 | Elf:2    | Found Lomi's Antique Weapon Boutique.
 44832 | Elf:2    | Reached skill level 20 in Fighting
 44977 | Elf:2    | Found Peadajog's Magic Scroll Emporium.
 44982 | Elf:2    | Found Tufistri's Antique Weapon Shop.
 44998 | Elf:2    | Found Toliolic's Assorted Antiques.
 45016 | Elf:2    | Found Plog's Weapon Shoppe.
 45067 | Elf:2    | Found a large runed door.
 45067 | Elf:2    | Found a large runed door.
 45092 | Elf:2    | Found a large runed door.
 45092 | Elf:2    | Found a large runed door.
 45409 | Elf:2    | Got a transparent broad axe
 45410 | Elf:2    | Identified the +1 broad axe "Hellblazer" {chop, MP+9 Str+3} (You acquired it on level 2 of the Elven Halls)
 45680 | Elf:3    | Entered Level 3 of the Elven Halls
 45687 | Elf:3    | Found a flickering gateway to a bazaar.
 45698 | Bazaar   | Entered a bazaar
 45698 | Bazaar   | Found Loll's Antique Weapon Boutique.
 45698 | Bazaar   | Found Saen Mef's Antique Armour Shop.
 45698 | Bazaar   | Found Fomaol's Book Boutique.
 45698 | Bazaar   | Found Nuss's Book Boutique.
 45698 | Bazaar   | Found Zuw Acett's Antique Armour Shop.
 45698 | Bazaar   | Found Limef's Food Boutique.
 45727 | Bazaar   | Bought a book of Battle for 480 gold pieces
 45742 | Bazaar   | Bought a pair of transparent gloves for 266 gold pieces
 45742 | Bazaar   | Bought a pair of glowing gloves for 210 gold pieces
 45752 | Bazaar   | Identified the +1 pair of gloves "Kusem" {Str+2} (You bought it in a shop in a bazaar)
 46045 | Orc:2    | Bought a fan of gales for 480 gold pieces
 46045 | Orc:2    | Bought a lamp of fire for 480 gold pieces
 46045 | Orc:2    | Bought a sack of spiders for 240 gold pieces
 46057 | Orc:2    | Bought a lightning rod (4/4) for 600 gold pieces
 46059 | Orc:2    | Bought a scroll of enchant armour for 112 gold pieces
 46607 | Crypt:1  | Entered Level 1 of the Crypt
 47658 | Crypt:2  | Reached XP level 27. HP: 225/225 MP: 36/36
 48290 | Crypt:3  | Entered Level 3 of the Crypt
 48428 | Crypt:3  | Found a runed gate.
 48428 | Crypt:3  | Found a runed gate.
 48428 | Crypt:3  | Found a runed gate.
 48754 | Crypt:3  | Got a pitted amethyst amulet
 48762 | Crypt:3  | Got a wavering jade ring
 48766 | Crypt:3  | Identified the amulet of Catysh {rPois Regen+ Dex+2} (You took it off a vampire mage on level 3 of the Crypt)
 48771 | Crypt:3  | Identified the ring of Immorality {*Contam rElec rN+ Int+2} (You took it off a vampire mage on level 3 of the Crypt)
 48772 | Crypt:3  | Got a twitching golden ring
 48774 | Crypt:3  | Identified the ring "Gesept" {rElec rN+} (You took it off a vampire mage on level 3 of the Crypt)
 48805 | Crypt:3  | Gained mutation: Armour fits poorly on your strangely shaped body. [mutagenic glow]
 48916 | Crypt:3  | Noticed an ancient lich
 48916 | Crypt:3  | Noticed an ancient lich
 48919 | Crypt:3  | Noticed an ancient lich
 49388 | Crypt:3  | Found a staircase to the Tomb.
 49880 | Slime:1  | Entered Level 1 of the Pits of Slime
 49896 | Slime:1  | Gained mutation: Your spells are a little easier to cast, but a little less powerful. [a shining eye]
 50504 | Slime:1  | Reached skill level 21 in Fighting
 50828 | Lair:1   | Learned a level 2 spell: Shroud of Golubria
 50832 | Lair:1   | Learned a level 3 spell: Spectral Weapon
 50836 | Lair:1   | Learned a level 3 spell: Regeneration
 51294 | Slime:3  | Reached skill level 1 in Hexes
 51294 | Slime:3  | Reached skill level 1 in Summonings
 51405 | Slime:3  | Reached skill level 1 in Charms
 51405 | Slime:3  | Reached skill level 1 in Translocations
 51560 | Slime:4  | Reached skill level 1 in Necromancy
 51560 | Slime:4  | Reached skill level 1 in Spellcasting
 51732 | Slime:5  | Entered Level 5 of the Pits of Slime
 51910 | Slime:3  | Gained mutation: Your body sometimes deteriorates upon taking damage. [a shining eye]
 52156 | Slime:5  | Noticed the Royal Jelly
 52187 | Slime:5  | Mangled by an azure jelly

Skill      XL: |  1  2  3  4  5  6  7  8  9 10 11 12 13 14 15 16 17 18 19 20 21 22 23 24 25 26 27 |
---------------+----------------------------------------------------------------------------------+-----
Shields        | 4 5 6 8 9 11 13 14 15 | 15.1
Dodging        | 1 2 3 4 5 6 7 8 9 10 11 | 11.3
Axes           | 3 4 6 7 8 9 11 12 13 14 15 16 17 18 19 20 | 20.3
Fighting       | 4 5 6 7 8 9 10 11 12 13 14 15 16 17 18 19 20 21 | 21.1
Armour         | 4 5 6 7 8 9 10 11 12 13 | 13.3
Invocations    | 1 5 8 10 12 13 | 13.1
Evocations     | 1 5 6 8 9 11 12 13 14 15 16 17 18 19 | 19.5
Crossbows      | 3 6 10 12 15 17 18 20 | 20.4
Hexes          | 2 |  2.9
Summonings     | 2 |  2.0
Charms         | 2 |  2.2
Translocations | 2 |  2.0
Necromancy     | 2 |  2.0
Spellcasting   | 1 |  1.7

Action                   |  1- 3 |  4- 6 |  7- 9 | 10-12 | 13-15 | 16-18 | 19-21 | 22-24 | 25-27 || total
-------------------------+-------+-------+-------+-------+-------+-------+-------+-------+-------++-------
Melee: War axe           |    77 |   158 |   324 |   289 |       |       |       |       |       ||   848
       Battleaxe         |       |       |       |   328 |   839 |  1185 |   921 |   886 |   971 ||  5130
       Dire flail        |       |       |       |       |    54 |   135 |       |       |       ||   189
 Fire: Triple crossbow   |       |       |       |       |       |    29 |    85 |   252 |   532 ||   898
 Cast: Spectral Weapon   |       |       |       |       |       |       |       |       |     1 ||     1
Invok: Temporal Distorti |       |       |       |     1 |    11 |       |       |     8 |     3 ||    23
       Bend Time         |       |       |       |       |     7 |    10 |     8 |     4 |     6 ||    35
       Step From Time    |       |       |       |       |       |     4 |       |     4 |     5 ||    13
       Slouch            |       |       |       |       |       |       |       |     3 |       ||     3
 Abil: Dig               |     1 |     4 |     1 |    10 |    16 |     4 |     1 |     1 |     3 ||    41
Evoke: Wand              |       |       |       |     1 |     4 |       |       |       |       ||     5
  Use: Potion            |       |     1 |     2 |       |     2 |     2 |       |     3 |     6 ||    16
       Scroll            |       |       |     2 |    10 |    10 |    11 |     6 |     2 |    16 ||    57
 Stab: Distracted        |       |       |       |     1 |       |       |     2 |       |     1 ||     4
  Eat: Chunk             |       |     6 |     5 |     9 |    19 |    20 |    12 |    15 |    14 ||   100
       Bread ration      |       |       |       |     1 |     1 |       |       |       |       ||     2
       Royal jelly       |       |       |       |       |       |     1 |       |     2 |     5 ||     8
       Fruit             |       |       |       |       |       |       |       |     1 |       ||     1
Armor: Scale mail        |    31 |    66 |    91 |     5 |       |   215 |       |       |       ||   408
       Plate armour      |       |       |       |   143 |   267 |   121 |   294 |   257 |   106 ||  1188
       Gold dragon scale |       |       |       |       |       |       |       |       |   131 ||   131
Dodge: Dodged            |    35 |    53 |   129 |   209 |   432 |   799 |   496 |   348 |   376 ||  2877
Block: Shield            |    36 |    81 |   206 |   441 |   714 |   255 |       |       |       ||  1733
       Large shield      |       |       |       |       |       |  1494 |  1225 |  1012 |  1119 ||  4850
